 Dungeon Crawl Stone Soup version 0.23.2-40-g277498a001 (webtiles) character file.

Game seed: 17054067096544555782

4702 Emblim88 the Fighter (level 10, -1/107 HPs)
             Began as a Troll Berserker on Oct 4, 2019.
             Was an Elder of Trog.
             Succumbed to a killer bee's poison
             ... on level 7 of the Dungeon.
             The game lasted 00:23:59 (5461 turns).

Emblim88 the Fighter (Troll Berserker)              Turns: 5461, Time: 00:23:59

Health: -1/107     AC:  6    Str: 29    XL:     10   Next: 21%
Magic:  9/9        EV: 13    Int:  3    God:    Trog [****..]
Gold:   346        SH:  0    Dex: 12    Spells: 9/9 levels left

rFire    . . .     SeeInvis .     - Unarmed
rCold    . . .     Gourm    +   (no shield)
rNeg     . . .     Faith    .   a - +0 animal skin
rPois    .         Spirit   .   (helmet restricted)
rElec    .         Reflect  .   (no cloak)
rCorr    +         Harm     .   (gloves unavailable)
MR       ++...                  (boots unavailable)
Stlth    +.........             p - amulet of regeneration
HPRegen  2.07/turn              y - ring of resist corrosion
MPRegen  0.11/turn              h - ring of resist corrosion

@: lethally poisoned (-1 -> -13), berserk cooldown, regenerating, slowed,
invisible, very slow
A: large, unfitting armour, claws 3, fast metabolism 3, gourmand, regeneration
1, shaggy fur 1, strong 1, tough skin 3
a: Berserk, Trog's Hand, Brothers in Arms, Renounce Religion


You were on level 7 of the Dungeon.
You worshipped Trog.
Trog was greatly pleased with you.
You were full.

You visited 1 branch of the dungeon, and saw 7 of its levels.

You collected 346 gold pieces.

Inventory:

Hand Weapons
 r - a +1 flail of crushing
 t - a +0 giant club
Missiles
 g - 51 poisoned needles
 x - 4 tomahawks (quivered)
Armour
 a - a +0 animal skin (worn)
Jewellery
 e - a +2 amulet of reflection
 h - a ring of resist corrosion (right claw)
 p - an amulet of regeneration (around neck)
 y - a ring of resist corrosion (left claw)
Wands
 l - a wand of enslavement (7)
 q - a wand of polymorph (10)
Scrolls
 c - a scroll of fear
 f - 2 scrolls of blinking
 i - 6 scrolls of remove curse
 k - a scroll of magic mapping
 m - a scroll of random uselessness
 n - 3 scrolls of enchant armour
 o - 2 scrolls of teleportation {unknown}
 s - a scroll of enchant weapon {unknown}
 u - a scroll of noise {unknown}
 v - 3 scrolls of torment {unknown}
 z - a scroll of amnesia {unknown}
 A - a scroll of immolation {unknown}
Potions
 j - 3 potions of degeneration
 w - a potion of brilliance {unknown}
Comestibles
 b - 12 rations


   Skills:
 * Level 9.3 Fighting
 + Level 6.7 Dodging
 + Level 8.1 Unarmed Combat


You had 9 spell levels left.
You didn't know any spells.
Your spell library was empty.

Dungeon Overview and Level Annotations

Branches:
Dungeon (7/15)             Temple (0/1) D:7

Altars:
Ashenzari
Elyvilon
Gozag
Hepliaklqana
Makhleb
Nemelex Xobeh
Trog
The Shining One


Innate Abilities, Weirdness & Mutations

You are too large for most types of armour.
You have claws for hands.
Your metabolism is lightning-fast.
You like to eat raw meat.
Your natural rate of healing is unusually fast.
You are covered in fur. (AC +1)
You have extremely tough skin. (AC +3)
Your muscles are strong. (Str +2)


Message History

You are more poisoned.
The killer bee poisons you! Something hits you but does no damage.
The killer bee barely misses you. The killer bee misses you.
Something hits you.
* * * LOW HITPOINT WARNING * * *
The killer bee barely misses you.
You miss the killer bee.
You feel very sick. The killer bee stings you.
* * * LOW HITPOINT WARNING * * *
The killer bee barely misses you. Something hits you but does no damage.
The killer bee stings you!
* * * LOW HITPOINT WARNING * * *
The killer bee stings you but does no damage.
Something hits you.
* * * LOW HITPOINT WARNING * * *
The killer bee stings you but does no damage.
You fade into invisibility!
You feel the effects of Trog's Hand fading.
You die...

#...#.. #.
#.......#...#.. . #.
#.......#...#.. .. #.
+.......#...#.. ... #.
#.......#...#.. .... #.
#.......#...#..
.....#'###.......#......
#....y.........#....#.
#...)@)........#...#.#
#...).y........#..#.#.
#..............#...#.>
#..............##.#.#.
##+###+##+####.....#.#
#......#. #........
#........ #........


You could see 2 killer bees.

Vanquished Creatures
  2 slime creatures (D:6)
  A hippogriff (D:7)
  Grinder (D:5)
  Sigmund (D:5)
  A yak (D:7)
  3 hogs (D:7)
  A human (D:7)
  Menkaure (D:4)
  4 ice beasts (D:7)
  2 sky beasts (D:5)
  3 ogres
  3 phantoms
  2 centaurs
  2 big kobolds (D:6)
  A bullfrog (D:6)
  Blork the orc (D:4)
  2 scorpions (D:5)
  2 killer bees (D:7)
  A howler monkey (D:4)
  5 wights
  2 crimson imps (D:5)
  5 jellies (D:6)
  A bullfrog skeleton (D:4)
  A hound (D:5)
  5 orc priests
  5 orc wizards
  Natasha (D:4)
  8 worker ants
  8 adders
  3 gnolls (D:6)
  A shadow imp (D:5)
  4 oozes (D:6)
  2 adder skeletons
  4 worms
  3 dart slugs
  3 leopard geckos
  21 orcs
  3 ball pythons
  5 bats
  7 giant cockroaches
  5 goblins
  7 hobgoblins
  8 jackals
  4 quokkas
  A ball python skeleton (D:5)
  3 frilled lizards
  10 kobolds
  A quokka skeleton (D:4)
  7 rats
177 creatures vanquished.

Vanquished Creatures (others)
  12 toadstools (D:6)
12 creatures vanquished.

Grand Total: 189 creatures vanquished

Notes
Turn   | Place    | Note
-------+----------+-------------------------------------------
     0 | D:1      | Emblim88 the Troll Berserker began the quest for the Orb.
     0 | D:1      | Reached XP level 1. HP: 22/22 MP: 0/0
   323 | D:1      | Reached XP level 2. HP: 27/29 MP: 1/1
   936 | D:2      | Reached skill level 3 in Fighting
   983 | D:2      | Reached XP level 3. HP: 37/37 MP: 2/2
  1026 | D:2      | Reached ** piety under Trog
  1501 | D:3      | Reached XP level 4. HP: 45/45 MP: 3/3
  1751 | D:3      | Reached XP level 5. HP: 52/54 MP: 4/4
  1988 | D:3      | Found a glowing golden altar of the Shining One.
  2083 | D:4      | Reached skill level 4 in Fighting
  2112 | D:4      | Found a burning altar of Makhleb.
  2113 | D:4      | Found a white marble altar of Elyvilon.
  2205 | D:4      | Reached *** piety under Trog
  2205 | D:4      | Reached XP level 6. HP: 63/63 MP: 5/5
  2205 | D:4      | Noticed Menkaure
  2239 | D:4      | Killed Menkaure
  2391 | D:4      | Found a sparkling altar of Nemelex Xobeh.
  2427 | D:4      | Found a sparkling altar of Nemelex Xobeh.
  2453 | D:4      | Reached skill level 5 in Fighting
  2453 | D:4      | Reached XP level 7. HP: 72/72 MP: 6/6
  2706 | D:4      | Noticed Natasha
  2710 | D:4      | Killed Natasha
  2759 | D:5      | Entered Level 5 of the Dungeon
  2759 | D:5      | Found a white marble altar of Elyvilon.
  2783 | D:4      | Reached skill level 5 in Unarmed Combat
  2848 | D:5      | Noticed Blork the orc
  2862 | D:4      | Killed Blork the orc
  2942 | D:5      | Reached skill level 6 in Fighting
  2942 | D:5      | Reached XP level 8. HP: 83/83 MP: 7/7
  3088 | D:5      | Noticed Grinder
  3099 | D:5      | Paralysed by Grinder for 3 turns
  3107 | D:5      | Paralysed by Grinder for 4 turns
  3138 | D:5      | Paralysed by Grinder for 3 turns
  3146 | D:5      | Paralysed by Grinder for 2 turns
  3147 | D:5      | HP: 4/84 [Grinder/nerve-wracking pain (3)]
  3152 | D:5      | Paralysed by Grinder for 3 turns
  3156 | D:5      | Killed Grinder
  3156 | D:5      | Reached skill level 5 in Dodging
  3262 | D:5      | Found a hazy altar of Hepliaklqana.
  3272 | D:5      | Reached skill level 7 in Fighting
  3479 | D:5      | Noticed Sigmund
  3537 | D:5      | Killed Sigmund
  3537 | D:5      | Reached XP level 9. HP: 93/93 MP: 8/8
  3556 | D:5      | Found an opulent altar of Gozag.
  3771 | D:6      | Reached **** piety under Trog
  4507 | D:6      | Reached skill level 8 in Fighting
  4885 | D:6      | Gained mutation: You can translocate small distances at
                  | will. [potion of mutation]
  4885 | D:6      | Lost mutation: You can translocate small distances at will.
                  | [potion of mutation]
  4885 | D:6      | Gained mutation: Your muscles are strong. (Str +2) [potion
                  | of mutation]
  4945 | D:7      | Found a shattered altar of Ashenzari.
  4946 | D:7      | Found a bloodstained altar of Trog.
  5195 | D:7      | Found a staircase to the Ecumenical Temple.
  5244 | D:7      | Reached skill level 9 in Fighting
  5245 | D:7      | Reached XP level 10. HP: 52/107 MP: 9/9
  5434 | D:7      | Reached ***** piety under Trog
  5460 | D:7      | HP: 5/107 [killer bee (8)]
  5461 | D:7      | Succumbed to a killer bee's poison

Skill      XL: |  1  2  3  4  5  6  7  8  9 10 |
---------------+-------------------------------+-----
Fighting       | 3 4 5 6 7 9 |  9.3
Dodging        | 3 4 5 6 |  6.7
Unarmed Combat | 4 5 6 7 8 |  8.1

Action                   |  1- 3 |  4- 6 |  7- 9 | 10-12 || total
-------------------------+-------+-------+-------+-------++-------
Melee: Unarmed           |   113 |   117 |   312 |    45 ||   587
       Punch             |       |     2 |     8 |     2 ||    12
       Giant club        |       |       |    12 |       ||    12
Invok: Trog's Hand       |       |     1 |     3 |     1 ||     5
       Berserk           |       |       |     6 |     1 ||     7
  Use: Scroll            |       |     8 |     3 |       ||    11
       Potion            |       |       |     5 |     1 ||     6
 Stab: Sleeping          |       |       |     2 |       ||     2
  Eat: Chunk             |    16 |     9 |    27 |     5 ||    57
       Ration            |     1 |       |       |       ||     1
Armor: Animal skin       |    38 |    26 |    92 |    22 ||   178
Dodge: Dodged            |    68 |    57 |   196 |    47 ||   368
Block: Other             |     4 |     5 |    23 |       ||    32
       Reflection        |       |       |     1 |       ||     1
